 Dungeon Crawl Stone Soup version 0.20.0-10-g0535bb4 (webtiles) character file.

12 Monsterracer the Shield-Bearer (level 2, 24/24 HPs)
             Began as a Formicid Fighter on June 3, 2017.
             Was an Initiate of Gozag.
             Quit the game on level 2 of the Dungeon.
             The game lasted 00:01:37 (908 turns).

Monsterracer the Shield-Bearer (Formicid Fighter)    Turns: 908, Time: 00:01:38

Health: 24/24      AC: 10    Str: 18 (20) XL:     2   Next: 45%
Magic:  2/2        EV:  7    Int:  5 (7)  God:    Gozag
Gold:   64         SH:  8    Dex:  7 (10) Spells: 1/1 levels left

rFire    . . .     SeeInvis +   a - +0 war axe
rCold    . . .     Gourm    .   c - +0 shield
rNeg     . . .     Faith    .   b - +0 scale mail
rPois    .         Spirit   .   (helmet unavailable)
rElec    .         Reflect  .   k - +0 cloak
rCorr    .         Harm     .   (no gloves)
MR       .....     Clarity  +   (no boots)
Stlth    ..........             (no amulet)
Regen    0.1/turn               (no ring)
MPRegen  0.1/turn               (no ring)

@: gold aura
A: permanent stasis, dig shafts and tunnels, four strong arms, antennae 3, thin
metallic scales 1, clarity, deterioration 1
a: Dig, Shaft Self, Potion Petition, Call Merchant, Bribe Branch, Renounce
Religion


You were on level 2 of the Dungeon.
You worshipped Gozag.
Gozag was noncommittal.
You were not hungry.

You visited 1 branch of the dungeon, and saw 2 of its levels.

You collected 64 gold pieces.

Inventory:

Hand Weapons
 a - a +0 war axe (weapon)
Armour
 b - a +0 scale mail (worn)
 c - a +0 shield (worn)
 k - a +0 cloak (worn)
Wands
 n - a wand of digging (10/24)
Scrolls
 e - a scroll of immolation {unknown}
 h - a scroll of blinking {unknown}
 i - 2 scrolls of fear {unknown}
 j - a scroll of random uselessness {unknown}
 m - a scroll of teleportation {unknown}
Potions
 d - 2 potions of might
Comestibles
 f - a bread ration
 g - a meat ration
 l - a royal jelly


   Skills:
 - Level 3.2 Fighting
 + Level 2.9 Axes
 - Level 3.2 Armour
 - Level 3.6 Shields


You had one spell level left.
You didn't know any spells.

Dungeon Overview and Level Annotations

Branches:
Dungeon (2/15)

Altars:
Gozag


Innate Abilities, Weirdness & Mutations

You cannot be hasted, slowed, berserked, paralysed or teleported.
You can dig through walls and to a lower floor.
Your four strong arms can wield two-handed weapons with a shield.
You have a pair of large antennae on your head. (SInv)
You are partially covered in thin metallic scales. (AC +2)
You possess an exceptional clarity of mind.
Your body sometimes deteriorates upon taking damage.


Message History

You kill the goblin!
You closely miss the kobold. You block the kobold's attack.
You hit the kobold.
The kobold is severely wounded.
You block the kobold's attack. x2
You closely miss the kobold.
The kobold is severely wounded.
You block the kobold's attack.
You closely miss the kobold.
The kobold is severely wounded.
You block the kobold's attack.
You barely miss the kobold.
The kobold is severely wounded.
The kobold closely misses you. You block the kobold's attack.
You slash the kobold!
You kill the kobold!
No target in view!
No target in view!
No target in view!
Are you sure you want to abandon this character and quit the game? (Confirm with "yes".)

#. #. ##.##
#...# #...##
#####....
......%.####
......$@...#
......$###.#
.(..... #.#
....... #.#
....... #.####
....=.. ##....#
#.#
#########....##
#.#
#.....####.###
#
#.......##....
.#


There were no monsters in sight!

Vanquished Creatures
  3 goblins
  A hobgoblin (D:1)
  2 bats
  A frilled lizard (D:1)
  5 kobolds
  2 rats (D:1)
14 creatures vanquished.

Notes
Turn   | Place    | Note
-------+----------+-------------------------------------------
     0 | D:1      | Monsterracer the Formicid Fighter began the quest for the Orb.
     0 | D:1      | Reached XP level 1. HP: 18/18 MP: 1/1
   349 | D:1      | Reached XP level 2. HP: 24/24 MP: 2/2
   760 | D:1      | Gained mutation: You possess an exceptional clarity of mind. [potion of mutation]
   760 | D:1      | Gained mutation: Your body sometimes deteriorates upon taking damage. [potion of mutation]
   760 | D:1      | Gained mutation: You are partially covered in thin metallic scales. (AC +2) [potion of mutation]
   859 | D:2      | Found a faded altar of an unknown god.
   865 | D:2      | Became a worshipper of Gozag Ym Sagoz the Greedy
   908 | D:2      | Quit the game

Action                   || total
-------------------------++-------
Melee: War axe           ||    48
  Use: Potion            ||     4
Armor: Scale mail        ||    18
Dodge: Dodged            ||    14
Block: Shield            ||    28
